 Dungeon Crawl Stone Soup version 0.31-a0-655-gf2d5465dac (webtiles) character file.

Game seed: 15685607329953548267

133 MacCMillion the Shield-Bearer (level 5, -1/45 HPs)
             Began as a Ghoul Fighter on Aug 30, 2023.
             Killed from afar by an orc wizard (9 damage)
             ... with a magic dart
             ... on level 3 of the Dungeon.
             The game lasted 00:03:05 (3102 turns).

MacCMillion the Shield-Bearer (Ghoul Fighter)       Turns: 3102, Time: 00:03:05

Health: -1/45      AC:  6    Str: 22    XL:     5   Next: 16%
Magic:  4/4        EV:  9    Int:  3    God:
Gold:   169        SH:  0    Dex:  8    Spells: 4/4 levels left

rFire   . . .        a - +0 war axe
rCold   + . .        c - +0 buckler
rNeg    + + +        b - +0 scale mail
rPois   ∞            (no helmet)
rElec   .            (no cloak)
rCorr   .            (no gloves)
SInv    .            (no boots)
Will    .....        (no amulet) Stlth
                     (no ring)
HPRegen 0.00/turn    (no ring)
MPRegen 0.09/turn

%: no passive effects
@: confused, inhibited regen
A: claws 1, cold resistance 1, negative energy resistance 3, inhibited
regeneration, torment resistance 2, devour on kill
a: no special abilities


You were on level 3 of the Dungeon.
You visited 1 branch of the dungeon, and saw 3 of its levels.

You collected 169 gold pieces.

Inventory:

Hand Weapons
 a - a +0 war axe (weapon)
Missiles
 i - 3 atropa-tipped darts
 l - 4 javelins
 n - 5 poisoned darts
 o - 7 boomerangs
Armour
 b - a +0 scale mail (worn)
 c - a +0 buckler (worn)
Jewellery
 s - a ring of willpower
 z - a +6 ring of intelligence
Scrolls
 f - a scroll of immolation {unknown}
 g - a scroll of enchant weapon {unknown}
 j - 4 scrolls of identify {unknown}
 k - 2 scrolls of fear {unknown}
 m - a scroll of enchant armour {unknown}
 r - 3 scrolls of vulnerability {unknown}
 t - a scroll of blinking {unknown}
 u - 2 scrolls of butterflies {unknown}
 v - 2 scrolls of teleportation {unknown}
 w - a scroll of revelation {unknown}
 y - a scroll of amnesia {unknown}
Potions
 d - a potion of might
 e - a potion of lignification {unknown}
 h - a potion of cancellation {unknown}
 p - 2 potions of attraction {unknown}
 q - a potion of enlightenment {unknown}
 x - a potion of resistance {unknown}


   Skills:
 - Level 3.2 Fighting
 + Level 3.7 Axes
 - Level 2.6 Armour
 - Level 4.0 Shields


You had 4 spell levels left.
You didn't know any spells.
Your spell library contained the following spells:

 Spells                   Type           Power      Damage    Failure   Level
 Ozocubu's Armour         Ice            0%         N/A       99%         3
 Portal Projectile        Hex/Tloc       0%         N/A       99%         3
 Tukima's Dance           Hex            0%         N/A       99%         3
 Iskenderun's Mystic Bla  Conj/Tloc      0%         2d3       100%        4
 Ozocubu's Refrigeration  Ice            0%         4d7       100%        7


Dungeon Overview and Level Annotations

Branches:
Dungeon (3/15)

Altars:

Shops:
D:3 :


Innate Abilities, Weirdness & Mutations

You are immune to poison.
You have sharp fingernails.
Your flesh is cold resistant. (rC+)
You are immune to negative energy. (rN+++)
You do not regenerate when monsters are visible.
You are immune to unholy pain and torment.
You thrive by killing the living.


Message History

You kill the orc!
You slash the orc!
You kill the orc!
You see here a +0 club.
You closely miss the orc. The orc hits you with a +0 short sword.
You hit the orc.
The orc is severely wounded.
The orc closely misses you. The orc barely misses you.
You hit the orc.
You kill the orc!
You feel better.
You hit something but do no damage. You closely miss the orc.
You barely miss something. Something hits you but does no damage.
The orc hits you with a +0 flail.
You closely miss the orc. You barely miss something.
The orc hits you with a +0 flail.
Something hits you but does no damage. x2
The orc hits you with a +0 flail.
You hit the orc.
The orc is heavily wounded.
You closely miss something. Something hits you.
The orc hits you with a +0 flail!
You closely miss the orc.
The orc is heavily wounded.
You hit something. Something hits you but does no damage.
The orc hits you with a +0 flail.
You are too injured to fight recklessly!
You hit the orc.
The orc is severely wounded.
You barely miss something. The orc closely misses you.
You hear some strange, mumbled words.
You are confused.
Something hits you. The orc hits you with a +0 flail!
* * * LOW HITPOINT WARNING * * *
You barely miss the orc.
The orc is severely wounded.
You miss something.
A giant cockroach comes into view.
You hear some strange, mumbled words.
A magic dart appears from out of thin air!
The magic dart hits you!
You die...

#.........# B.
+.........' ..
#.........# .##
##...†...## ..
##.....## .#
##...## # ##.#
###'## #. #o{#.#
##...##
#.###@##.#
#.##..####
#.....)..##
#.#.......
###..†....#
#.#...####
#.#.###.#
##(....# #.#.#
#.# ##...##
#.#.###.#####..##
#.#............#
#.#####.######.#
#.......# #.#


You could see an orc and a giant cockroach (wandering).

Vanquished Creatures
  Jessica (D:2)
  Robin (D:2)
  3 adders
  A worm (D:2)
  2 dart slugs
  4 orcs (D:3)
  An endoplasm (D:2)
  A giant cockroach (D:1)
  11 goblins
  9 hobgoblins
  3 quokkas (D:1)
  4 ball pythons (D:3)
  6 bats
  A frilled lizard (D:1)
  2 kobolds (D:2)
  7 rats
57 creatures vanquished.

Notes
Turn   | Place    | Note
-------+----------+-------------------------------------------
     0 | D:1      | MacCMillion the Ghoul Fighter began the quest for the Orb.
     0 | D:1      | Reached XP level 1. HP: 19/19 MP: 0/0
   246 | D:1      | Reached XP level 2. HP: 26/26 MP: 1/1
   249 | D:1      | Reached skill level 3 in Shields
  1011 | D:2      | Noticed Robin
  1142 | D:2      | Reached XP level 3. HP: 31/31 MP: 2/2
  1647 | D:2      | Noticed Jessica
  1650 | D:2      | Killed Jessica
  1651 | D:2      | Reached XP level 4. HP: 37/38 MP: 3/3
  2189 | D:2      | Killed Robin
  2310 | D:3      | Reached skill level 4 in Shields
  2417 | D:3      | Reached XP level 5. HP: 45/45 MP: 4/4
  2960 | D:3      | Found Laddujant's Book Boutique.
  3102 | D:3      | Killed from afar by an orc wizard

Illustrated notes

Levels and vault maps discovered:
D:1:      minmay_arrival_plants_in_alcoves, layout_basic
D:2:      layout_basic, minivault_11, uniq_jessica, uniq_robin
D:3:      layout_loops_corners, serial_shops, nicolae_book_shop_shelving

Skill      XL: |  1  2  3  4 |
---------------+-------------+-----
Axes           | 2 3 |  3.7
Shields        | 3 4 |  4.0
Fighting       | |  3.2
Armour         | |  2.6

Action                     |  1- 3 |  4- 6 || total
---------------------------+-------+-------++-------
  Melee: War axe           |    85 |    92 ||   177
 Armour: Scale mail        |    50 |    34 ||    84
  Dodge: Dodged            |    48 |    44 ||    92
  Block: Buckler           |    12 |    13 ||    25

Table legend: (Time is in decaauts)
 A = Elapsed time spent in this place.
 B = Non-inter-level travel time spent in this place.
 C = Inter-level travel time spent in this place.
 D = Time resting spent in this place.
 E = Time spent auto-exploring this place.
 F = Levels seen in this place.
 G = Mean time per level.
                   A        B        C        D        E       F      G
               +--------+--------+--------+--------+--------+-----+--------+
         Total |   3171 |   3047 |    124 |     51 |   2536 |   3 | 1057.0 |
       Dungeon |   3171 |   3047 |    124 |     51 |   2536 |   3 | 1057.0 |
               +--------+--------+--------+--------+--------+-----+--------+

Top non-repeatable levels by time:
     D:2: 1262 daAuts
     D:1: 1094 daAuts
     D:3: 814 daAuts
